 Dungeon Crawl Stone Soup version 0.31-a0-152-g6aa68a64a1 (webtiles) character file.

Game seed: 153155349389639916

180 qw the Shooter (level 5, -8/32 HPs)
             Began as a Gargoyle Hunter on June 10, 2023.
             Killed by divine providence
             ... invoked by an orc priest
              (13 damage)
             ... on level 4 of the Dungeon.
             The game lasted 00:01:08 (2199 turns).

qw the Shooter (Gargoyle Hunter)                    Turns: 2199, Time: 00:01:09

Health: -8/32      AC: 15    Str: 14    XL:     5   Next: 60%
Magic:  5/5        EV: 10    Int: 10    God:
Gold:   148        SH:  0    Dex: 15    Spells: 4/4 levels left

rFire   . . .        Y - +0 shortbow
rCold   . . .        (shield currently unavailable)
rNeg    + . .        j - +0 ring mail
rPois   inf          (no helmet)
rElec   +            f - +0 cloak
rCorr   .            g - +0 pair of gloves
SInv    .            (no boots)
Will    .....        h - amulet of faith
Stlth   +            i - +4 ring of protection
HPRegen 0.25/turn    (no ring)
MPRegen 0.09/turn

%: faith
@: about to teleport
A: sickness immunity, AC +4, negative energy resistance 1, electricity
resistance, torment resistance 1, petrification resistance
a: no special abilities


You were on level 4 of the Dungeon.
You visited 1 branch of the dungeon, and saw 4 of its levels.

You collected 148 gold pieces.


Innate Abilities, Weirdness & Mutations

You are immune to sickness and miasma.
Your stone body is resilient. (AC +4)
You are immune to poison.
You resist negative energy. (rN+)
You are resistant to electric shocks. (rElec)
You are resistant to unholy torment.
You are immune to petrification.


   Skills:
 + Level 3.5 Fighting
 - Level 6.0 Ranged Weapons
 - Level 1.0 Armour
 - Level 1.5 Dodging
 - Level 1.1 Stealth


You had 4 spell levels left.
You didn't know any spells.
Your spell library was empty.

Inventory:

Hand Weapons
 Y - a +0 shortbow (weapon)
Armour
 f - a +0 cloak (worn)
 g - a +0 pair of gloves (worn)
 j - a +0 ring mail (worn)
Jewellery
 h - an amulet of faith (around neck)
 i - a +4 ring of protection (left hand)
 m - a +6 ring of strength
Scrolls
 a - 2 scrolls of identify
 b - a scroll of teleportation
 k - a scroll of noise {unknown}
Potions
 c - 2 potions of mutation
 d - 4 potions of attraction
 e - a potion of heal wounds
 l - a potion of haste

Dungeon Overview and Level Annotations

Branches:
Dungeon (4/15)
 Temple: D:4-7

Altars:
Hepliaklqana


Message History

Deactivating autopickup; reactivate with Ctrl-A.
The orc priest shouts!
You shoot an arrow. The arrow hits the orc.
You kill the orc!
You shoot an arrow.
The arrow hits the orc but does no damage.
The orc priest invokes the aid of Beogh against you.
Beogh smites you!
Ouch! That really hurt!
You shoot an arrow. The arrow hits the orc.
The orc is heavily wounded.
The orc hits you but does no damage.
You shoot an arrow. The arrow hits the orc.
The orc is almost dead.
The orc priest calls upon Beogh to heal the orc.
The orc's wounds heal themselves!
The orc closely misses you.
You shoot an arrow.
The arrow hits the orc but does no damage.
You hear some strange, mumbled words.
A magic dart appears from out of thin air!
The magic dart hits you but does no damage.
The orc hits you but does no damage.
You shoot an arrow.
The arrow hits the orc but does no damage.
Something hits you but does no damage. The orc misses you. Something hits you.
The orc hits you but does no damage. The orc priest misses you.
You shoot an arrow. The arrow barely misses the orc priest.
The orc priest hits you but does no damage.
Something hits you but does no damage. The orc hits you but does no damage.
You shoot an arrow.
The arrow closely misses the orc priest.
The orc priest invokes the aid of Beogh against you.
Beogh smites you! Something hits you but does no damage.
The orc hits you but does no damage.
2199 ||| READING 2 scrolls of teleportation.
As you read the scroll of teleportation, it crumbles to dust.
You feel strangely unstable.
The orc priest invokes the aid of Beogh against you.
Beogh smites you!
You die...

######.#..# #.# #
#.#..# #.# #
#.#..# #.# #
#.#..# #.# ..
..#.... #.# ..
..#..... #.# .
..# .....## #.#
...#
.#....o########.#
......o@........#
...)..{##########
..##... #... +...
#... .... #####


You could see an orc priest and an orc.

Vanquished Creatures
  A jelly (D:4)
  An orc wizard (D:3)
  A gnoll (D:1)
  3 adders
  An ufetubus (D:3)
  A worm (D:3)
  A dart slug (D:2)
  5 orcs
  5 bats
  7 endoplasms
  2 giant cockroaches
  4 goblins
  8 hobgoblins
  7 quokkas
  7 ball pythons
  3 frilled lizards
  8 kobolds
  5 rats
70 creatures vanquished.

Notes
Turn   | Place    | Note
-------+----------+-------------------------------------------
     0 | D:1      | qw the Gargoyle Hunter began the quest for the Orb.
     0 | D:1      | Reached XP level 1. HP: 12/12 MP: 1/1
     0 | D:1      | 0 ||| qw: Version: 0.2-a-123-gb51047a
     0 | D:1      | 0 ||| qw: Game counter: 3723
     0 | D:1      | 0 ||| qw: Always use a shield: true
     0 | D:1      | 0 ||| qw: God list: Okawaru
     0 | D:1      | 0 ||| qw: Allow faded altars: false
     0 | D:1      | 0 ||| qw: Do Orc after D:15 true
     0 | D:1      | 0 ||| qw: Do second Lair branch before Depths: true
     0 | D:1      | 0 ||| qw: Lair rune preference: random
     0 | D:1      | 0 ||| qw: Plans: Normal, Zot:1-4, Slime:5, God:TSO, Crypt,
                  | Tomb, Abyss, Pan, Hells, Win
     0 | D:1      | 0 ||| PLANNING D:1-11
    89 | D:1      | Reached XP level 2. HP: 16/17 MP: 2/2
   341 | D:1      | Reached XP level 3. HP: 21/21 MP: 3/3
   420 | D:1      | Reached skill level 5 in Ranged Weapons
   423 | D:1      | 423 ||| FLEEEEING.
   566 | D:1      | 566 ||| UPGRADING to +0 pair of gloves.
   571 | D:1      | 571 ||| UPGRADING to +0 ring mail.
   581 | D:1      | 581 ||| DROPPING +0 leather armour.
   582 | D:1      | 582 ||| UPGRADING to +4 ring of protection.
   583 | D:1      | 583 ||| READING 3 scrolls labelled MIOHAXT UCUWUU.
   584 | D:1      | 584 ||| READING scroll labelled JOKA YDUUSTIUN.
   587 | D:1      | 587 ||| READING scroll labelled KUIG SEBBELIU.
   588 | D:1      | 588 ||| DRINKING 3 lumpy golden potions.
   589 | D:1      | 589 ||| DROPPING scroll of butterflies.
   833 | D:2      | Reached skill level 1 in Armour
  1181 | D:2      | Reached XP level 4. HP: 27/27 MP: 4/4
  1188 | D:2      | 1188 ||| UPGRADING to amulet of faith.
  1193 | D:2      | 1193 ||| READING scroll labelled VOHYH FOISIDU.
  1194 | D:2      | 1194 ||| DRINKING 2 brown potions.
  1195 | D:2      | 1195 ||| READING 5 scrolls of identify.
  1195 | D:2      | 1195 ||| IDENTIFYING glowing grey potion
  1196 | D:2      | 1196 ||| READING 4 scrolls of identify.
  1196 | D:2      | 1196 ||| IDENTIFYING dark potion
  1197 | D:2      | 1197 ||| READING 3 scrolls of identify.
  1197 | D:2      | 1197 ||| IDENTIFYING purple potion
  1198 | D:2      | 1198 ||| DROPPING potion of invisibility.
  1333 | D:3      | Reached skill level 3 in Fighting
  1898 | D:3      | 1898 ||| UPGRADING to +0 cloak.
  1903 | D:3      | 1903 ||| READING 2 scrolls of identify.
  1903 | D:3      | 1903 ||| IDENTIFYING grey potion
  1945 | D:4      | 1945 ||| STAIRDANCE
  1956 | D:3      | 1956 ||| DRINKING potion of curing.
  1956 | D:3      | 1956 ||| (to cure confusion)
  1997 | D:3      | Reached XP level 5. HP: 23/32 MP: 5/5
  2058 | D:4      | Found a hazy altar of Hepliaklqana.
  2087 | D:4      | Reached skill level 6 in Ranged Weapons
  2198 | D:4      | HP: 5/32 [orc priest/divine providence (10)]
  2199 | D:4      | 2199 ||| READING 2 scrolls of teleportation.
  2199 | D:4      | Killed from afar by an orc priest

Levels and vault maps discovered:
D:1:      dpeg_arrival_short_road, layout_rooms
D:2:      kennysheep_big_flooded_room, layout_basic
D:3:      layout_basic, minmay_three_crescents
D:4:      layout_basic, mainiacjoe_overflow_concentric_impassable,
          nicolae_hepliaklqana_hazy_memory, uniq_natasha, uniq_duvessa

Skill      XL: |  1  2  3  4  5 |
---------------+----------------+-----
Ranged Weapons | 5 6 |  6.0
Armour         | 1 |  1.0
Fighting       | 3 |  3.5
Dodging        | |  1.5
Stealth        | |  1.1

Action                     |  1- 3 |  4- 6 || total
---------------------------+-------+-------++-------
   Fire: Shortbow          |   110 |   156 ||   266
    Use: Scroll            |     3 |     6 ||     9
         Potion            |     1 |     2 ||     3
 Armour: Leather armour    |    10 |       ||    10
         Ring mail         |     8 |    86 ||    94
  Dodge: Dodged            |    21 |    39 ||    60

Table legend:
 A = Non-vault XP
 B = Vault XP
 C = Vault XP percentage of total XP
 D = Non-vault monster count
 E = Vault monster count
 F = Vault count percentage of total count
                 A         B        C        D         E       F
            +---------+---------+-------+---------+---------+-------
      Total |     238 |      20 |   7.8 |      62 |       8 |  11.4
            +---------+---------+-------+---------+---------+-------
        D:1 |      58 |       0 |   0.0 |      27 |       0 |   0.0
        D:2 |      21 |       4 |  16.0 |      12 |       2 |  14.3
        D:3 |      79 |      16 |  16.8 |      16 |       6 |  27.3
        D:4 |      80 |       0 |   0.0 |       7 |       0 |   0.0
            +---------+---------+-------+---------+---------+-------
